Map: Port Aleksander LE

Players

avilo

  • Race: Terran Terran
  • League: Grandmaster
  • Spawn Location: 11:00

Silky - Winner!

  • Race: Zerg Zerg
  • Spawn Location: 5:00

VOD

Have the link to the VOD?

Description

Time

  • Played on: April 13, 2019, 4:24 p.m.
  • Length: 9:21
Show
View Real Time Build Order
Export as new Build Order

avilo Terran 

Build Orders: Liberator Opening, Mech 

Get SALT Encoding   

  12  0:00  SCV  
  13  0:13  SCV  
  14  0:18  Supply Depot  
  14  0:25  SCV  
  15  0:39  SCV  
  15  0:40  Barracks  
  16  0:51  SCV  
  16  0:53  Refinery  
  17  1:03  SCV  
  18  1:15  SCV  
  19  1:27  Marine  
  19  1:28  Orbital Command  
  20  1:40  Command Center  
  20  1:45  Marine  
  21  1:54  SCV  
  21  1:58  Factory  
  22  2:09  Supply Depot  
  22  2:12  SCV  
  22  2:14  Barracks Reactor  
  23  2:24  Refinery  
  23  2:31  SCV  
  24  2:43  SCV  
  25  2:54  Orbital Command  
  25  2:55  SCV  
  25  2:56  Starport  
  25  2:59  Hellion x2  
  29  3:07  SCV  
  30  3:13  Barracks Tech Lab  
  30  3:19  SCV  
  31  3:21  Hellion x2  
  31  3:26  SCV  
  36  3:31  SCV  
  37  3:36  Fusion Core  
  37  3:38  SCV  
  37  3:39  Liberator, Supply Depot  
  38  3:43  SCV  
  39  3:50  SCV  
  40  3:56  SCV  
  40  4:01  Marine  
  40  4:02  SCV  
  48  4:03  Hellion  
  48  4:04  Supply Depot  
  48  4:08  SCV  
  47  4:14  SCV  
  48  4:20  SCV  
  49  4:25  Command Center  
  49  4:26  SCV  
  49  4:28  Liberator  
  49  4:29  Advanced Ballistics  
  48  4:32  SCV  
  48  4:34  Supply Depot  
  48  4:35  Refinery  
  49  4:38  SCV  
  49  4:44  SCV  
  54  4:50  SCV  
  54  4:51  Refinery  
  55  4:55  Supply Depot  
  55  4:56  SCV  
  56  5:02  SCV  
  61  5:07  Hellion x2  
  61  5:08  SCV  
  62  5:14  SCV  
  62  5:20  Factory, SCV  
  64  5:21  Factory  
  64  5:27  SCV  
  64  5:28  Hellion x2  
  69  5:32  SCV  
  70  5:38  Orbital Command  
  70  5:39  SCV  
  70  5:44  SCV  
  70  5:45  Armory  
  70  5:46  Armory  
  71  5:51  SCV  
  71  5:57  SCV  
  73  5:58  Hellion x2  
  73  6:03  SCV  
  78  6:06  Starport Reactor  
  78  6:09  SCV  
  83  6:19  SCV  
  83  6:22  SCV  
  83  6:25  Factory Tech Lab  
  82  6:27  Orbital Command  
  82  6:28  Hellion x2  
  82  6:31  SCV  
  83  6:34  SCV  
  87  6:42  Thor  
  87  6:43  Supply Depot x2  
  87  6:44  Siege Tank  
  93  6:47  Refinery, Liberator x2  
  93  6:51  Refinery  
  93  7:04  SCV x3  
  93  7:05  Infernal Pre-Igniter, Hellion x2  
  106  7:09  Supply Depot  
  106  7:10  Supply Depot  
  103  7:16  Supply Depot  
  103  7:17  SCV x3  
  103  7:18  Command Center  
  103  7:19  Hellion  
  93  7:25  Hellion  
  93  7:26  Hellion x2  
  93  7:29  SCV x3  
  86  7:41  SCV x3  
  88  7:53  SCV x3  
  91  8:01  Factory  
  91  8:02  Factory  
  91  8:06  SCV  
  91  8:07  SCV  
  91  8:09  SCV  
  91  8:10  Hellion x2, Siege Tank  
  98  8:26  Siege Tank  
  105  8:29  Medivac x2  
  105  8:30  SCV x2  
  105  8:33  Hellion  
  105  8:34  Hellion  
  111  8:37  Supply Depot  
  111  8:44  SCV  
  111  8:46  Factory Tech Lab  
  109  8:56  Factory Reactor  
Show
View Real Time Build Order
Export as new Build Order

Silky Zerg - Winner!

Build Orders: Hatch First, Swarm Host 

Get SALT Encoding   

  12  0:00  Drone  
  13  0:13  Overlord  
  13  0:17  Drone  
  14  0:31  Drone x2  
  16  0:48  Hatchery  
  15  0:52  Drone  
  15  0:55  Drone  
  17  0:58  Drone  
  18  1:09  Extractor  
  17  1:15  Spawning Pool  
  17  1:17  Drone  
  17  1:20  Drone  
  18  1:28  Drone  
  19  1:39  Drone  
  20  1:50  Overlord  
  20  2:01  Overlord  
  20  2:02  Queen x2  
  20  2:04  Zergling x2  
  25  2:09  Metabolic Boost  
  25  2:13  Drone  
  26  2:17  Drone  
  27  2:23  Drone x2  
  29  2:33  Drone x2  
  31  2:43  Hatchery  
  30  2:51  Queen  
  30  2:57  Overlord  
  32  3:00  Drone x2  
  32  3:02  Drone  
  35  3:11  Drone  
  36  3:16  Drone x2  
  36  3:17  Drone x3  
  41  3:26  Drone  
  41  3:27  Queen  
  43  3:35  Drone, Baneling Nest  
  43  3:36  Drone  
  43  3:40  Overlord  
  44  3:54  Queen  
  44  3:55  Zergling x6  
  48  3:56  Overlord  
  48  3:57  Drone  
  48  4:00  Drone x2  
  52  4:05  Drone x2, Queen  
  52  4:08  Lair  
  56  4:13  Drone x2  
  58  4:17  Overlord  
  58  4:29  Drone x3  
  58  4:30  Drone x4  
  65  4:35  Queen  
  65  4:36  Spore Crawler  
  65  4:38  Spore Crawler  
  65  4:45  Queen, Extractor  
  66  4:46  Extractor  
  66  4:50  Drone x4  
  66  4:51  Drone x3  
  72  4:57  Drone x2  
  74  5:01  Spore Crawler  
  74  5:06  Drone x2  
  74  5:09  Overseer, Roach Warren  
  74  5:10  Overlord  
  74  5:11  Overlord  
  73  5:16  Extractor  
  73  5:17  Extractor  
  73  5:18  Evolution Chamber  
  73  5:20  Evolution Chamber, Overlord  
  69  5:26  Drone x4  
  69  5:27  Drone  
  73  5:29  Drone x2  
  73  5:30  Zergling x4  
  73  5:31  Zergling x2  
  78  5:37  Zergling x6  
  78  5:40  Drone x2  
  83  5:44  Drone x3  
  83  5:45  Drone  
  83  5:48  Overlord  
  87  5:52  Zergling x2  
  87  5:54  Zerg Missile Weapons Level 1  
  87  5:55  Zerg Ground Armor Level 1  
  88  6:00  Queen  
  88  6:04  Roach x2  
  88  6:05  Roach  
  92  6:16  Zergling x8  
  92  6:17  Zergling x2  
  97  6:19  Drone x4  
  97  6:20  Drone  
  102  6:34  Extractor  
  102  6:35  Glial Reconstitution  
  102  6:36  Infestation Pit  
  102  6:39  Drone x6  
  105  6:50  Overlord  
  105  6:57  Overlord x4  
  104  7:01  Hatchery  
  104  7:04  Drone  
  103  7:08  Drone  
  103  7:09  Drone x4  
  110  7:15  Roach x2  
  110  7:16  Roach x5  
  120  7:27  Roach x3  
  123  7:30  Roach  
  123  7:32  Roach  
  123  7:34  Drone  
  118  7:41  Overlord  
  118  7:42  Baneling x4  
  118  7:44  Swarm Host, Overlord  
  115  7:45  Swarm Host x2  
  124  7:54  Swarm Host  
  124  7:55  Swarm Host x2  
  133  8:02  Swarm Host x3  
  133  8:04  Overlord  
  142  8:07  Swarm Host  
  142  8:11  Roach  
  142  8:12  Roach x2  
  150  8:15  Roach  
  150  8:16  Roach  
  153  8:22  Overlord  
  153  8:24  Drone x5  
  158  8:27  Ravager x2  
  158  8:28  Ravager x4  
  158  8:30  Roach x2  
  158  8:33  Queen  
  170  8:39  Overlord  
  170  8:40  Spore Crawler  
  169  8:43  Roach x4  
  177  8:50  Roach x2, Ravager x2  
  181  8:56  Roach  
  181  8:58  Overlord x2  
Tags
 
Add a new tag
Caveats
  • Supply blocks, unpowered buildings, or Contaminate may cause inaccurate times.
  • Supply counts are checked every 10 seconds.